 Seeded DCSS version 0.29-a0-362-g5854e031c7 (webtiles) character file.

Game seed: 16159354105524068321 (custom seed)

65 zeratav the Shooter (level 4, 26/26 HPs)
             Began as a Tengu Hunter on Apr 29, 2022.
             Quit the game on level 2 of the Dungeon.
             The game lasted 00:02:01 (1433 turns).

zeratav the Shooter (Tengu Hunter)                  Turns: 1433, Time: 00:02:02

Health: 26/26      AC:  3    Str: 11    XL:     4   Next: 14%
Magic:  5/5        EV: 12    Int: 10    God:
Gold:   776        SH:  0    Dex: 19    Spells: 3/3 levels left

rFire   . . .      SeeInvis .   a - +1 shortbow {bow}
rCold   . . .      Faith    .   (shield currently unavailable)
rNeg    . . .      Spirit   .   b - +0 leather armour
rPois   +          Reflect  .   (helmet restricted)
rElec   .          Harm     .   (no cloak)
rCorr   .          Rampage  .   (no gloves)
Will    .....                   (boots unavailable)
Stlth   ++........              (no amulet)
HPRegen 0.08/turn               g - ring of poison resistance
MPRegen 0.09/turn               i - +4 ring of slaying

@: no status effects
A: beak, talons 3
a: no special abilities


You were on level 2 of the Dungeon.
You visited 1 branch of the dungeon, and saw 2 of its levels.

You collected 776 gold pieces.


Innate Abilities, Weirdness & Mutations

You have a beak for a mouth.
You have claws for feet.


   Skills:
 - Level 2.0 Fighting
 + Level 6.1 Bows
 - Level 2.1 Dodging
 - Level 1.0 Stealth


You had 3 spell levels left.
You didn't know any spells.
Your spell library was empty.

Inventory:

Hand Weapons
 a - a +1 shortbow (weapon) {bow}
Armour
 b - a +0 leather armour (worn)
 e - a +0 ring mail
   (You found it on level 1 of the Dungeon)
 h - a +0 leather armour
   (You found it on level 1 of the Dungeon)
 l - a +0 chain mail
   (You took it off Terence on level 2 of the Dungeon)
 p - the +2 kite shield "Maggolom" {rPois rCorr}
   (You found it on level 2 of the Dungeon)

   rPois:     It protects you from poison.
   rCorr:     It protects you from acid and corrosion.
 q - a +0 ring mail
   (You found it on level 2 of the Dungeon)
Jewellery
 g - a ring of poison resistance (left hand)
   (You found it on level 1 of the Dungeon)
 i - a +4 ring of slaying (right hand)
   (You found it on level 1 of the Dungeon)
Scrolls
 c - a scroll of immolation {!r!r}
 k - 2 scrolls of blinking {!r}
 o - 3 scrolls of identify {@r1}
Potions
 d - a potion of might
 f - 2 potions of curing {unknown}
 j - a potion of cancellation {unknown}
 m - a potion of heal wounds {unknown}
 n - 2 potions of ambrosia {unknown}

Dungeon Overview and Level Annotations

Branches:
Dungeon (2/15)

Altars:

###....##.#........##.##..###)###
.......##.#......................
#########.#.#############.#......
#.#.##............#####.. #.#
##............####### #.#
#.................... #.#
#.................... #.#
##...........#....... #.#
+..@........'....... #.#
#...........#....... #.#
#...........#.......
######.####...........#.......
#........##........†..#.......
#........##...........#.......
#........##############.......
###........## #.....†...
#...........#### #.........


There were no monsters in sight!


Message History

HP[-7]
You take 7 damage, and now have 8/21 hp.
MASSIVE DAMAGE!! (PAUSE) Shoot: a) +1 shortbow {bow}
Press: ? - help, Shift-Dir - straight line, f/p - Terence
Aim: Terence, wielding a +0 short sword and wearing a +0 chain mail (severely wounded, 75% to hit)
You shoot an arrow. The arrow hits Terence!
You kill Terence!
Your Bows skill increases to level 6!
Shoot: a) +1 shortbow {bow}
Press: ? - help, Shift-Dir - straight line, f - you A quokka comes into view.
HP[+12]
You regained 12 hp, and now have 20/21 hp.
A quokka is nearby!
You shoot an arrow. The arrow hits the quokka!
You kill the quokka!
No target in view!
No target in view!
Found a stone staircase leading up.
l - a +0 chain mail You see here a +0 short sword {short}.
HP[+1]
Your hp is fully restored (21).
A bat comes into view.
The bat moves out of view.
You shoot an arrow. The arrow closely misses the bat.
You shoot an arrow. The arrow hits the bat.
You kill the bat!
You have reached level 4!
You feel clever.
HP[+5] MP[+1]
You now have 26 max hp (+5).
Your hp is fully restored (26).
Your mp is fully restored (5).
A bat comes into view.
The bat hits you but does no damage.
You see here 4 gold pieces.
A bat is nearby!
You shoot an arrow. The arrow hits the bat!
You kill the bat!
No target in view!
You now have 64 gold pieces (gained 4).
f - 2 lumpy green potions (gained 1)
m - a blue potion You now have 74 gold pieces (gained 10).
k - 2 scrolls of blinking {!r} (gained 1)
You see here 3 scrolls of amnesia.
As you open the door, it creaks loudly!
A ball python comes into view.
You shoot an arrow. The arrow hits the ball python.
You kill the ball python!
No target in view!
There is an open door here.
You open the door.
A worm comes into view.
There is an open door here.
You shoot an arrow. The arrow hits the worm.
You shoot an arrow.
The arrow hits the worm but does no damage.
You shoot an arrow. The arrow hits the worm!
You shoot an arrow.
The arrow hits the worm but does no damage.
You shoot an arrow. The arrow hits the worm!
You kill the worm!
No target in view!
No target in view!
An endoplasm comes into view.
An endoplasm is nearby!
You shoot an arrow. The arrow hits the endoplasm.
You kill the endoplasm!
No target in view!
No target in view!
You now have 84 gold pieces (gained 10).
You now have 98 gold pieces (gained 14).
p - the +2 kite shield "Maggolom" {rPois rCorr}
o - 2 scrolls of identify {@r1} (gained 1)
q - a +0 ring mail You now have 99 gold pieces (gained 1).
You see here a stone {throwing}.
A hobgoblin comes into view.
The hobgoblin shouts!
You shoot an arrow. The arrow hits the hobgoblin!
You kill the hobgoblin!
No target in view!
You now have 110 gold pieces (gained 11).
You open the door.
A rat comes into view.
There is an open door here.
You shoot an arrow. The arrow hits the rat.
You shoot an arrow. The arrow hits the rat.
You kill the rat!
No target in view!
No target in view!
o - 3 scrolls of identify {@r1} (gained 1)
r - a scroll labelled HUCVORR PIDD No target in view!
This is a scroll of acquirement!
Something appears before you!
You now have 776 gold pieces (gained 666).
Are you sure you want to abandon this character and quit the game? (Confirm with "yes".)

Skill      XL: |  1  2  3 |
---------------+----------+-----
Bows           | 5 6 |  6.1
Fighting       | |  2.0
Dodging        | |  2.1
Stealth        | |  1.0

Action                   |  1- 3 |  4- 6 || total
-------------------------+-------+-------++-------
 Fire: Shortbow          |    52 |    11 ||    63
  Use: Scroll            |     5 |     1 ||     6
Armor: Leather armour    |     1 |     1 ||     2
Dodge: Dodged            |    11 |       ||    11

Levels and vault maps discovered:
D:1:      lightli_arrival_maybe_door_vault, layout_basic,
          chequers_ecumenical_altar_simple_redux
D:2:      layout_basic, grunt_ministairs_13, roderic_nine_men_s_morris,
          uniq_terence

Notes
Turn   | Place    | Note
-------+----------+-------------------------------------------
     0 | D:1      | zeratav the Tengu Hunter began the quest for the Orb.
     0 | D:1      | Reached XP level 1. HP: 12/12 MP: 2/2
     0 | D:1      | magus.rc [v1.9.6]
   157 | D:1      | Found a faded altar of an unknown god.
   181 | D:1      | Reached XP level 2. HP: 16/17 MP: 3/3
   315 | D:1      | Reached skill level 5 in Bows
   838 | D:1      | Reached XP level 3. HP: 21/21 MP: 4/4
   986 | D:2      | Noticed Terence
   992 | D:2      | Killed Terence
   993 | D:2      | Reached skill level 6 in Bows
  1180 | D:2      | Reached XP level 4. HP: 26/26 MP: 5/5
  1335 | D:2      | Identified the +2 kite shield "Maggolom" {rPois rCorr}
  1431 | D:2      | Identified a scroll of acquirement
  1431 | D:2      | Acquired 666 gold pieces
  1433 | D:2      | Quit the game

Vanquished Creatures
  Terence (D:2)
  A worm (D:2)
  3 dart slugs (D:1)
  2 endoplasms
  6 goblins
  3 hobgoblins
  A quokka (D:2)
  3 ball pythons
  3 bats
  3 kobolds
  6 rats
32 creatures vanquished.

Table legend:
 A = Non-vault XP
 B = Vault XP
 C = Vault XP percentage of total XP
 D = Non-vault monster count
 E = Vault monster count
 F = Vault count percentage of total count
                 A         B        C        D         E       F
            +---------+---------+-------+---------+---------+-------
      Total |      57 |      37 |  39.4 |      30 |       2 |   6.2
            +---------+---------+-------+---------+---------+-------
        D:1 |      35 |       0 |   0.0 |      18 |       0 |   0.0
        D:2 |      22 |      37 |  62.7 |      12 |       2 |  14.3
            +---------+---------+-------+---------+---------+-------

Illustrated notes

Table legend:
 A = Kills in this place as a percentage of kills in entire the game.
 B = Kills by you in this place as a percentage of kills by you in the entire game.
 C = Kills by friends in this place as a percentage of kills by friends in the entire game.
 D = Other kills in this place as a percentage of other kills in the entire game.
 E = Experience gained in this place as a percentage of experience gained in the entire game.
 F = Experience gained in this place divided by the number of levels of this place that you have seen.
                   A       B       C       D       E      F
               +-------+-------+-------+-------+-------+----------------------
         Total | 100.0 | 100.0 |   N/A |   N/A | 100.0 |  47.0
       Dungeon | 100.0 | 100.0 |   N/A |   N/A | 100.0 |  47.0
               +-------+-------+-------+-------+-------+----------------------

Table legend: (Time is in decaauts)
 A = Elapsed time spent in this place.
 B = Non-inter-level travel time spent in this place.
 C = Inter-level travel time spent in this place.
 D = Time resting spent in this place.
 E = Time spent auto-exploring this place.
 F = Levels seen in this place.
 G = Mean time per level.
                   A        B        C        D        E       F      G
               +--------+--------+--------+--------+--------+-----+--------+
         Total |   1450 |   1435 |     15 |      0 |   1289 |   2 |  725.0 |
       Dungeon |   1450 |   1435 |     15 |      0 |   1289 |   2 |  725.0 |
               +--------+--------+--------+--------+--------+-----+--------+

Top non-repeatable levels by time:
     D:1: 959 daAuts
     D:2: 490 daAuts
